 Dungeon Crawl Stone Soup version 0.31-a0-845-g9abc20d24f (webtiles) character file.

Game seed: 13867509127007683456

93 greenreed the Ruffian (level 4, 0/42 (45) HPs)
             Began as an Octopode Shapeshifter on Oct 2, 2023.
             Slain by Grinder (5 damage)
             ... on level 3 of the Dungeon.
             The game lasted 00:04:31 (1729 turns).

greenreed the Ruffian (Octopode Shapeshifter)       Turns: 1729, Time: 00:04:34

HP:   0/42 (45)     AC: 22    Str: 15    XL:     4   Next: 61%
MP:   4/4           EV:  2    Int: 12    God:
Gold: 139           SH:  0    Dex: 11    Spells: 3/3 levels left

rFire   . .          .
                       - Unarmed
rCold   . . .        (no shield)
rNeg    . . .        (helmet currently unavailable)
rPois   +            (no amulet)
rElec   .            (no ring)
rCorr   .            (no ring)
SInv    .            (no ring)
Will    .....        (no ring)
Stlth   +            (no ring)
HPRegen 0.27/turn    (no ring)
MPRegen 0.09/turn    (no ring)
                     (no ring)

%: no passive effects
@: tree-form, drained
A: stationary, stasis, torment immunity, boosted hp, almost no armour,
(amphibious), 8 rings, (camouflage 1), (gelatinous body 1), (nimble swimmer 1),
(tentacles)
a: no special abilities


You were on level 3 of the Dungeon.
You were a tree.
You visited 1 branch of the dungeon, and saw 3 of its levels.

You collected 139 gold pieces.

Inventory:

Missiles
 f - 3 poisoned darts (quivered)
Talismans
 b - a beast talisman
 c - a flux talisman
 k - a granite talisman
Scrolls
 d - 2 scrolls of teleportation {unknown}
 i - a scroll of revelation {unknown}
 l - a scroll of fear {unknown}
 m - 2 scrolls of noise {unknown}
 n - a scroll of torment {unknown}
Potions
 a - a potion of lignification
 e - a potion of berserk rage {unknown}
 g - a potion of mutation {unknown}
 h - 3 potions of haste {unknown}
 j - 2 potions of heal wounds {unknown}


   Skills:
 * Level 2.5 Fighting
 + Level 2.5 Dodging
 * Level 3.8 Unarmed Combat
 + Level 3.3 Shapeshifting


You had 3 spell levels left.
You didn't know any spells.
Your spell library contained the following spells:

 Spells                   Type           Power      Damage    Failure   Level
 Necrotise                Necr           0%         1d4       32%         1
 Vampiric Draining        Necr           0%         2d6       69%         3
 Agony                    Necr           0%         N/A       100%        5


Dungeon Overview and Level Annotations

Branches:
Dungeon (3/15)

Altars:

Annotations:
D:3 Grinder


Innate Abilities, Weirdness & Mutations

You are a tree.
Your roots penetrate the ground, keeping you stationary.
You cannot be teleported.
You are immune to unholy pain and torment.
Your maximum health is greatly increased.
You cannot wear most types of armour.
((You are amphibious.))
You can wear up to eight rings at the same time.
((Your skin changes colour to match your surroundings (Stealth+).))
((Your rubbery body absorbs attacks. (AC +1, EV +1)))
((You are camouflaged when in or above water. (Stealth+)))
((You have tentacles for arms and can constrict up to eight enemies at once.))


Message History

You lose your grip on Grinder.
Grinder hits you but does no damage.
You smack Grinder!
You punch Grinder, but do no damage.
Grinder is severely wounded.
Grinder completely misses you.
You smack Grinder!
Grinder is almost dead.
Grinder hits you but does no damage.
You barely miss Grinder.
Grinder is almost dead.
Grinder hits you but does no damage.
You completely miss Grinder.
Grinder is almost dead.
You closely miss Grinder.
Grinder is almost dead.
Grinder hits you.
* * * LOW HITPOINT WARNING * * *
You writhe in agony.
* * * LOW HITPOINT WARNING * * *
You closely miss Grinder.
Grinder is almost dead.
Grinder says, "Tell me all your secrets, or I'll kill you."
Grinder gestures at you. You resist with significant effort.
You hit Grinder but do no damage.
Grinder is almost dead.
Grinder gestures at you.
You suddenly lose the ability to move!
Grinder hits you but does no damage. x3
An adder comes into view.
The adder hisses angrily.
Grinder hits you but does no damage.
You can move again.
Unknown command.
You barely miss Grinder.
Grinder is almost dead.
Grinder hits you.
* * * LOW HITPOINT WARNING * * *
You writhe in agony.
You die...
Grinder says, "Now the real fun starts!"

..... ..# .....
#.. #.# ....?.#..
.. ......#.# #..
..S...#.# ..
........# .#
........##.#
......5♣†..#
.......##.## #
.#####.#...## .#
#..#.#..#######.#
#.#......:......#
..#.#....<.....#
#.#..#..........#
....##..........#
..# #..........#


You could see Grinder and an adder.

Vanquished Creatures
  An orc wizard (D:2)
  An adder (D:2)
  A worm (D:2)
  2 dart slugs
  4 orcs
  6 ball pythons
  3 bats
  5 endoplasms
  2 giant cockroaches
  2 goblins
  5 hobgoblins
  3 frilled lizards
  3 kobolds
  9 rats
47 creatures vanquished.

Notes
Turn   | Place    | Note
-------+----------+-------------------------------------------
     0 | D:1      | greenreed the Octopode Shapeshifter began the quest for the
                  | Orb.
     0 | D:1      | Reached XP level 1. HP: 13/13 MP: 1/1
   101 | D:1      | Reached XP level 2. HP: 18/18 MP: 2/2
   682 | D:2      | Reached XP level 3. HP: 24/24 MP: 3/3
  1464 | D:2      | Reached XP level 4. HP: 29/29 MP: 4/4
  1711 | D:3      | Noticed Grinder
  1714 | D:3      | Paralysed by Grinder for 2 turns
  1724 | D:3      | Paralysed by Grinder for 4 turns
  1729 | D:3      | Slain by Grinder

Illustrated notes

Levels and vault maps discovered:
D:1:      tarquinn_simple_flora_water_b, layout_basic, kennysheep_another_room,
          st_stairs_13
D:2:      layout_basic
D:3:      layout_rooms, shapermc_ecumenical_altar_notcrosses, uniq_ijyb,
          uniq_grinder

Skill      XL: |  1  2  3 |
---------------+----------+-----
Fighting       | 2 |  2.5
Dodging        | |  2.5
Unarmed Combat | |  3.8
Shapeshifting  | |  3.3

Action                     |  1- 3 |  4- 6 || total
---------------------------+-------+-------++-------
  Melee: Unarmed           |    70 |    23 ||    93
         Constrict         |    14 |     6 ||    20
         Tentacles         |    11 |     5 ||    16
         Punch             |     3 |     2 ||     5
    Use: Potion            |       |     1 ||     1
   Stab: Sleeping          |     3 |       ||     3
 Armour: Skin              |    16 |    16 ||    32
  Dodge: Dodged            |    44 |    12 ||    56

Table legend: (Time is in decaauts)
 A = Elapsed time spent in this place.
 B = Non-inter-level travel time spent in this place.
 C = Inter-level travel time spent in this place.
 D = Time resting spent in this place.
 E = Time spent auto-exploring this place.
 F = Levels seen in this place.
 G = Mean time per level.
                   A        B        C        D        E       F      G
               +--------+--------+--------+--------+--------+-----+--------+
         Total |   1726 |   1618 |    108 |     72 |   1175 |   3 |  575.3 |
       Dungeon |   1726 |   1618 |    108 |     72 |   1175 |   3 |  575.3 |
               +--------+--------+--------+--------+--------+-----+--------+

Top non-repeatable levels by time:
     D:2: 1057 daAuts
     D:1: 619 daAuts
     D:3: 50 daAuts
